[Event "Titled Tuesday Blitz July 13 2021"]
[White "Kretov, Evgenij"]
[Black "Le, Tuan Minh"]
[WhiteFideId "4167821"]
[BlackFideId "12401153"]
[WhiteElo "2400"]
[BlackElo "2450"]
[Result "0-1"]
[Round "03"]
[TimeControl "180+1"]
[Date "2021.07.13"]
[WhiteClock "0:00:14"]
[BlackClock "0:00:15"]

1. d4 d5 2. c4 c6 3. Nc3 Nf6 4. e3 a6 5. Nf3 Bf5 6. Bd3 Bg6 7. O-O e6 8. Re1 Nbd7 9. e4 dxe4 10. Nxe4 Be7 11. Qe2 O-O 12. Ne5 Nxe5 13. dxe5 Nxe4 14. Bxe4 Qc7 15. Bxg6 hxg6 16. Bf4 Rfd8 17. Rad1 Bc5 18. Bg5 Rd4 19. Rxd4 Bxd4 20. b3 c5 21. Qe4 a5 22. a4 Ra6 23. Bd2 Rc6 24. h4 Qb6 25. Qd3 Rc7 26. g3 Rd7 27. Kg2 Qc6+ 28. Qf3 Qxf3+ 29. Kxf3 Bxf2 30. Re2 Bg1 31. Bxa5 Rd3+ 32. Kg2 Bd4 33. b4 Ra3 34. bxc5 Rxa4 35. Re4 Bxc5 36. Bc7 b5 37. Bd6 Ba7 38. Kf3 Rxc4 39. Re2 b4 40. Rb2 Bd4 41. Ra2 b3 42. Ra8+ Kh7 43. Rb8 b2 44. Ba3 Rc3+ 45. Ke4 Rxa3 46. Kxd4 Rxg3 47. Rxb2 Rg4+ 48. Kc5 Rxh4 49. Kd6 g5 50. Ke7 Kg6 51. Rb8 Re4 52. Rb5 g4 0-1


[Site "https://www.chess.com"]

[Event "Titled Tuesday Blitz July 13 2021"]
[White "Krivonosov, Oleg"]
[Black "FGHSMN"]
[WhiteFideId "11600349"]
[WhiteElo "2469"]
[BlackElo "2494"]
[Result "0-1"]
[Round "03"]
[TimeControl "180+1"]
[Date "2021.07.13"]
[WhiteClock "0:00:26"]
[BlackClock "0:00:10"]

1. Nf3 Nf6 2. c4 c5 3. Nc3 e6 4. g3 b6 5. Bg2 Bb7 6. O-O a6 7. d4 cxd4 8. Qxd4 d6 9. Bg5 Nbd7 10. Rfd1 Be7 11. Nd2 Bxg2 12. Kxg2 O-O 13. Nde4 h6 14. Nxf6+ Nxf6 15. Bxf6 gxf6 16. Ne4 Rc8 17. Nxd6 Bxd6 18. Qxd6 Qxd6 19. Rxd6 Rxc4 20. Rxb6 Rc2 21. e3 Rd8 22. Rxa6 Rdd2 23. Rf1 Rxb2 24. a4 Ra2 25. g4 Kg7 26. Kg3 Rdc2 27. h3 Rc4 28. a5 Rc5 29. Rd1 Rcxa5 30. Rxa5 Rxa5 31. Rd4 f5 32. Rf4 Kg6 33. gxf5+ Rxf5 34. Rg4+ Rg5 35. h4 Rxg4+ 36. Kxg4 f5+ 37. Kf4 Kh5 38. Kg3 e5 39. f3 Kg6 40. Kh3 Kf6 41. Kg3 Ke6 42. Kf2 Kd5 43. Ke2 Kc4 44. Kd2 e4 45. Kc2 exf3 46. Kd2 Kd5 47. Kd3 Ke5 48. h5 f4 49. Kd2 Ke4 50. exf4 Kxf4 51. Ke1 Ke3 0-1


[Site "https://www.chess.com"]

[Event "Titled Tuesday Blitz July 13 2021"]
[White "Laxman, R.R."]
[Black "Reprintsev, Alexander"]
[WhiteFideId "5005361"]
[BlackFideId "14100541"]
[WhiteElo "2476"]
[BlackElo "2126"]
[Result "0-1"]
[Round "03"]
[TimeControl "180+1"]
[Date "2021.07.13"]
[WhiteClock "0:01:22"]
[BlackClock "0:00:18"]

1. d4 d5 2. Nf3 Nc6 3. c4 e5 4. cxd5 Qxd5 5. Nc3 Bb4 6. Bd2 Bxc3 7. Bxc3 e4 8. Ne5 Nxe5 9. dxe5 Qc6 10. e3 Ne7 11. Qb3 Be6 12. Qb4 a5 13. Qb5 Qxb5 14. Bxb5+ c6 15. Be2 b5 16. Bd4 O-O-O 17. Bb6 Rd5 18. Bxa5 Rxe5 19. Bc3 Rg5 20. g3 Bh3 21. O-O-O Nd5 22. Bd4 Rd8 23. Kb1 Kb7 24. a3 Rd6 25. Rc1 Rf5 26. Bf1 Bxf1 27. Rhxf1 f6 28. f4 Rh5 29. Rf2 Re6 30. g4 Rh3 31. Rg1 Nxe3 32. g5 Nf5 33. Bc5 e3 34. Re2 g6 35. gxf6 Rxf6 36. Rd1 Rf7 37. Kc2 Kc7 38. Rde1 Rf3 39. Kd3 Rxf4 40. Bxe3 Rd7+ 41. Kc2 Nxe3+ 42. Rxe3 Rf2+ 43. Kc3 Rxh2 44. Re8 h5 45. Rg8 Rg2 46. Re6 Rh7 47. Rgxg6 Rxg6 48. Rxg6 h4 49. Rg2 h3 50. Rh2 Kd6 51. Kd4 c5+ 52. Ke4 c4 53. Kd4 Rh4+ 54. Ke3 Kd5 55. Rd2+ Ke5 56. Rh2 Rh8 57. Kf3 Kd4 58. Rd2+ Kc5 59. Rh2 Rd8 60. Kg4 Rd3 61. Rf2 Rb3 62. Kh4 c3 63. bxc3 Rxc3 64. Rf5+ Kb6 65. Rf6+ Ka5 66. Rf2 Rxa3 67. Kg4 Ka4 68. Kf4 b4 69. Ke4 Rg3 70. Kf4 Rc3 71. Ke4 Ka3 72. Kd4 Rg3 73. Kc4 Rg2 74. Rf3+ Ka2 75. Kxb4 h2 76. Rh3 Kb2 77. Kc4 Kc2 78. Kd4 Kd2 79. Ke4 Ke2 80. Kf4 Kf2 81. Rh8 Kg1 82. Ra8 h1=Q 83. Ra2 Kh2 84. Ra3 Qf1+ 0-1


[Site "https://www.chess.com"]

[Event "Titled Tuesday Blitz July 13 2021"]
[White "Madaminov, Mukhiddin"]
[Black "Samsonkin, Artiom"]
[WhiteFideId "14210703"]
[BlackFideId "13503111"]
[WhiteElo "1747"]
[BlackElo "2513"]
[Result "1-0"]
[Round "03"]
[TimeControl "180+1"]
[Date "2021.07.13"]
[WhiteClock "0:01:29"]
[BlackClock "0:00:02"]

1. e4 c5 2. Nf3 d6 3. Bb5+ Nd7 4. O-O a6 5. Bd3 Ngf6 6. Re1 g6 7. c3 Bg7 8. Bc2 b5 9. d4 cxd4 10. cxd4 Bb7 11. Nbd2 O-O 12. Nb3 a5 13. d5 a4 14. Nbd4 Qb6 15. h3 Nc5 16. Be3 Qa6 17. Nd2 Rac8 18. b4 axb3 19. axb3 Qb6 20. b4 Nfd7 21. bxc5 dxc5 22. N4f3 Bxa1 23. Qxa1 Qf6 24. e5 Qa6 25. Qxa6 Bxa6 26. Ra1 Bb7 27. Ra7 Rb8 28. e6 Nb6 29. Bf4 Nxd5 30. Bxb8 Rxb8 31. exf7+ Kxf7 32. Ne5+ Ke6 33. Nd3 Kd6 34. Ne4+ Kc6 35. Ndxc5 Bc8 36. Bb3 Bf5 37. Ra6+ Nb6 38. g4 Bc8 39. Ra7 Ra8 40. Rxe7 Ra1+ 41. Kg2 Ra3 42. Rxh7 Na4 43. Bxa4 bxa4 44. Rh8 Kc7 45. Nf6 Ra2 46. Nd5+ Kd6 47. Nc3 1-0


[Site "https://www.chess.com"]

[Event "Titled Tuesday Blitz July 13 2021"]
[White "Maghsoodloo, Parham"]
[Black "Guzman Moneo, Alberto"]
[WhiteFideId "12539929"]
[BlackFideId "2209616"]
[WhiteElo "2601"]
[BlackElo "2157"]
[Result "1-0"]
[Round "03"]
[TimeControl "180+1"]
[Date "2021.07.13"]
[WhiteClock "0:01:46"]
[BlackClock "0:00:02"]

1. e4 c5 2. Nf3 d6 3. d4 cxd4 4. Nxd4 Nf6 5. Nc3 Bd7 6. Bg5 e6 7. Bc4 a6 8. f4 h6 9. Bh4 b5 10. Bb3 b4 11. Nce2 g5 12. fxg5 Nxe4 13. Qd3 d5 14. Nf4 hxg5 15. Nxd5 Rxh4 16. O-O-O Bg7 17. Qf3 Nc6 18. Nxc6 Bxc6 19. g3 Bxd5 20. Bxd5 exd5 21. gxh4 Qf6 22. Qxf6 Nxf6 23. hxg5 Ne4 24. Rxd5 Nxg5 25. Rg1 Ne6 26. Ra5 Ke7 27. Rg4 Rh8 28. h4 Bf6 29. Rxb4 Rxh4 30. Rxh4 Bxh4 31. Rxa6 Bf6 32. b4 Bc3 33. b5 Nc5 34. Rc6 Ne4 35. Rc4 f5 36. b6 Be5 37. a4 Nd6 38. Rc7+ Kd8 39. a5 Nb5 40. Rc5 Bf4+ 41. Kb1 1-0


[Site "https://www.chess.com"]

[Event "Titled Tuesday Blitz July 13 2021"]
[White "Maly, Alexey"]
[Black "Horak, Martin"]
[WhiteFideId "14103184"]
[BlackFideId "367095"]
[WhiteElo "2285"]
[BlackElo "1997"]
[Result "1/2-1/2"]
[Round "03"]
[TimeControl "180+1"]
[Date "2021.07.13"]
[WhiteClock "0:01:38"]
[BlackClock "0:00:52"]

1. d4 Nf6 2. c4 e6 3. Nf3 b6 4. g3 Ba6 5. Nbd2 Bb7 6. Bg2 c5 7. O-O cxd4 8. Nxd4 Bxg2 9. Kxg2 Bc5 10. N2f3 O-O 11. b3 d5 12. cxd5 Qxd5 13. Bb2 Nc6 14. Nxc6 Qxc6 15. Rc1 Rfd8 16. Qc2 Qe4 17. Qxe4 Nxe4 18. e3 f6 19. Rfd1 e5 20. Kf1 Kf7 21. Ke2 Ke6 22. Nd2 Nxd2 23. Rxd2 Rxd2+ 24. Kxd2 Rd8+ 25. Ke2 Bb4 26. Rc2 a5 27. g4 g6 28. e4 Bc5 29. f3 h5 30. h3 hxg4 31. hxg4 Rh8 32. Rd2 Rh2+ 33. Kd1 Rh3 34. Rd3 Rh1+ 35. Kc2 Rh2+ 36. Rd2 Rh3 37. Rd3 Rh2+ 38. Rd2 Rh3 39. Rd3 Rh2+ 1/2-1/2


[Site "https://www.chess.com"]

[Event "Titled Tuesday Blitz July 13 2021"]
[White "Markidis, Konstantinos"]
[Black "Ozen, Bahadir"]
[WhiteFideId "4203500"]
[BlackFideId "6337058"]
[WhiteElo "2304"]
[BlackElo "2503"]
[Result "1/2-1/2"]
[Round "03"]
[TimeControl "180+1"]
[Date "2021.07.13"]
[WhiteClock "0:00:18"]
[BlackClock "0:00:31"]

1. e4 c6 2. d4 d5 3. e5 Bf5 4. Nf3 e6 5. Be2 Ne7 6. c3 Nc8 7. Nbd2 Be7 8. a4 O-O 9. O-O c5 10. c4 Nb6 11. a5 Nxc4 12. Nxc4 dxc4 13. Bxc4 Nc6 14. a6 Nxd4 15. axb7 Rb8 16. Nxd4 cxd4 17. Rxa7 Qb6 18. Ra6 Qc5 19. b3 Rxb7 20. Ba3 Qc7 21. Bxe7 Qxe7 22. Qxd4 h6 23. h3 Rfb8 24. Rc1 Qg5 25. f4 Qg3 26. Qf2 Qxf2+ 27. Kxf2 g5 28. g4 Bh7 29. f5 exf5 30. e6 fxe6 31. Bxe6+ Kg7 32. gxf5 Rf8 33. Rc5 h5 34. Rac6 g4 35. Rc7+ Rxc7 36. Rxc7+ Kh6 37. hxg4 hxg4 38. Kg3 Bxf5 39. Bxf5 Rxf5 40. Kxg4 Rb5 41. Rc3 Kg6 42. Kf4 Kf6 43. Ke4 Ke6 44. Kd4 Kd6 45. Kc4 Rc5+ 46. Kd4 Rxc3 47. Kxc3 Kc5 48. b4+ Kb5 49. Kb3 Kb6 50. Kc4 Kc6 51. b5+ 1/2-1/2


[Site "https://www.chess.com"]

[Event "Titled Tuesday Blitz July 13 2021"]
[White "Moon_stone123"]
[Black "Steinberg, Nitzan"]
[BlackFideId "2801795"]
[WhiteElo "2424"]
[BlackElo "2440"]
[Result "0-1"]
[Round "03"]
[TimeControl "180+1"]
[Date "2021.07.13"]
[WhiteClock "0:00:01"]
[BlackClock "0:00:05"]

1. Nf3 d5 2. g3 Nf6 3. Bg2 g6 4. O-O Bg7 5. b3 Ne4 6. d4 c5 7. Bb2 Nc6 8. e3 O-O 9. Nbd2 Bg4 10. h3 Nxd2 11. Qxd2 Bxf3 12. Bxf3 cxd4 13. exd4 e6 14. c4 Qf6 15. Qe3 dxc4 16. bxc4 Rad8 17. Rad1 Qf5 18. Bc3 Bxd4 19. Bxd4 Rxd4 20. Bxc6 Rxd1 21. Rxd1 bxc6 22. Qxa7 Qxh3 23. Qc5 Qg4 24. Rd6 h5 25. Rd4 Qe2 26. Qxc6 Qxa2 27. Qd6 Rc8 28. c5 Qb1+ 29. Kh2 Qf5 30. Rf4 Qxc5 31. Qd7 Rf8 32. Qb7 Qe5 33. Qf3 Kg7 34. Re4 Qf5 35. Rf4 Qd5 36. Qc3+ e5 37. Rf3 Rh8 38. Re3 Re8 39. Qc7 Qe6 40. Qc3 Re7 0-1


[Site "https://www.chess.com"]

[Event "Titled Tuesday Blitz July 13 2021"]
[White "Moskalenko, Alexander"]
[Black "Leve, Nitai"]
[WhiteFideId "4155351"]
[BlackFideId "2006898"]
[WhiteElo "2495"]
[BlackElo "2144"]
[Result "1-0"]
[Round "03"]
[TimeControl "180+1"]
[Date "2021.07.13"]
[WhiteClock "0:00:43"]
[BlackClock "0:00:01"]

1. g3 e5 2. Bg2 d5 3. d3 Bd6 4. Nd2 h5 5. Bxd5 h4 6. Bg2 hxg3 7. hxg3 Rxh1 8. Bxh1 Nc6 9. c3 Bf5 10. Qa4 Ne7 11. Ne4 Qd7 12. Nxd6+ Qxd6 13. Be3 a6 14. Qb3 Be6 15. Qxb7 Rb8 16. Qxa6 Rxb2 17. Nf3 Rxe2+ 18. Kxe2 Nd4+ 19. Nxd4 Qxa6 20. Nxe6 Qxe6 21. a4 Qa6 22. a5 f5 23. g4 e4 24. c4 Nc6 25. gxf5 exd3+ 26. Kxd3 Nxa5 27. Bd5 c6 28. Be6 c5 29. Bxc5 Qb7 30. Rxa5 Qb1+ 31. Ke2 Qc2+ 32. Ke3 Qc3+ 33. Ke4 Qxa5 34. Bd4 Kf8 35. c5 Qa6 36. Kd5 Qa2+ 37. Kd6 Qa3 38. Bd5 Qa7 39. Be6 Ke8 40. f4 Kd8 41. f6 Qb8+ 42. Kd5 gxf6 43. Bxf6+ Ke8 44. Be5 Qb3+ 45. Kd6 Qb8+ 46. Kc6 Qa8+ 47. Kb6 Ke7 48. f5 Qa3 49. Bd6+ Kf6 50. Kb7 Qb4+ 51. Kc8 Qb5 52. Kc7 Qa5+ 53. Kd7 Qa7+ 54. Kc8 Qa8+ 55. Kc7 Qa7+ 56. Kc6 Qa8+ 57. Kb6 Qd8+ 58. Kb7 Qe8 59. c6 1-0


[Site "https://www.chess.com"]

[Event "Titled Tuesday Blitz July 13 2021"]
[White "Musovic, Armin"]
[Black "Ogloblin, Nikolay"]
[WhiteFideId "939935"]
[BlackFideId "4139658"]
[WhiteElo "2250"]
[BlackElo "2244"]
[Result "1-0"]
[Round "03"]
[TimeControl "180+1"]
[Date "2021.07.13"]
[WhiteClock "0:02:34"]
[BlackClock "0:01:49"]

1. a3 c5 2. Nc3 b6 3. e4 Bb7 4. Bc4 e6 5. d3 Nc6 6. Ba2 g6 7. Nge2 Bg7 8. O-O Nge7 9. Bg5 h6 10. Bh4 g5 11. Bg3 d6 12. f4 a6 13. f5 Be5 14. fxe6 fxe6 15. Bxe6 Nd4 16. Nxd4 Bxd4+ 17. Kh1 h5 18. Nd5 Bxd5 19. exd5 Qc7 20. Qf3 Qb7 21. Bxd6 1-0


[Site "https://www.chess.com"]

[Event "Titled Tuesday Blitz July 13 2021"]
[White "Nakamura, Hikaru"]
[Black "Zubritskiy, Artyom"]
[WhiteFideId "2016192"]
[BlackFideId "4181247"]
[WhiteElo "2900"]
[BlackElo "2559"]
[Result "1-0"]
[Round "03"]
[TimeControl "180+1"]
[Date "2021.07.13"]
[WhiteClock "0:01:03"]
[BlackClock "0:00:02"]

1. Nf3 f5 2. d3 d6 3. e4 e5 4. Nc3 c5 5. Nd5 Nc6 6. c3 Nf6 7. Bg5 Be7 8. Bxf6 Bxf6 9. Qb3 Na5 10. Qa4+ Bd7 11. Nxf6+ gxf6 12. Qd1 O-O 13. Nh4 Qb6 14. Qd2 Nc6 15. g3 Rad8 16. Bg2 fxe4 17. dxe4 Be6 18. O-O Ne7 19. f4 Kg7 20. Kh1 Qc7 21. Rae1 Bxa2 22. g4 Be6 23. f5 Bc4 24. Rf3 Kf7 25. Qh6 Ke8 26. Qxh7 Rf7 27. Qh5 Nc6 28. Bf1 Bxf1 29. Rexf1 d5 30. exd5 Rxd5 31. Ng6 Kd7 32. Nf4 exf4 33. Qxf7+ Ne7 34. Qe6+ Kd8 35. Rh3 Qc6 36. Rh8+ Kc7 37. Qxc6+ Nxc6 38. Rxf4 Ne5 39. h4 Rd1+ 40. Kg2 Rd2+ 41. Rf2 Rd3 42. g5 Ng4 43. g6 Nxf2 44. g7 1-0


[Site "https://www.chess.com"]

[Event "Titled Tuesday Blitz July 13 2021"]
[White "Nguyen Hong Nhung"]
[Black "Papasimakopoulos, Alexandros"]
[WhiteFideId "12412201"]
[BlackFideId "4244125"]
[WhiteElo "1661"]
[BlackElo "2352"]
[Result "0-1"]
[Round "03"]
[TimeControl "180+1"]
[Date "2021.07.13"]
[WhiteClock "0:00:14"]
[BlackClock "0:00:58"]

1. e4 e6 2. d4 d5 3. Nc3 Bb4 4. e5 b6 5. a3 Bf8 6. Nf3 Ne7 7. Bd3 Ba6 8. O-O Bxd3 9. Qxd3 c5 10. dxc5 bxc5 11. Bg5 a6 12. Bf6 gxf6 13. exf6 Ng8 14. Rfe1 Nxf6 15. Rad1 Bg7 16. Ng5 O-O 17. Qh3 h6 18. Nxe6 fxe6 19. Qxe6+ Kh8 20. Nxd5 Nxd5 21. Rxd5 Qf6 22. Qe3 Nc6 23. h3 Rae8 24. Qd2 Nd4 25. Rxc5 Qg6 26. Kh1 Rxe1+ 27. Qxe1 Re8 28. Qd2 Ne6 29. Rc6 Qe4 30. Rxa6 Nf4 31. f3 Qc4 32. b3 Qxa6 33. Qxf4 Qf1+ 34. Kh2 Be5 0-1


[Site "https://www.chess.com"]

[Event "Titled Tuesday Blitz July 13 2021"]
[White "Nguyen, Ngoc Truong Son"]
[Black "Dobrowolski, Piotr"]
[WhiteFideId "12401110"]
[BlackFideId "1106236"]
[WhiteElo "2596"]
[BlackElo "2304"]
[Result "1/2-1/2"]
[Round "03"]
[TimeControl "180+1"]
[Date "2021.07.13"]
[WhiteClock "0:00:13"]
[BlackClock "0:00:15"]

1. e4 c5 2. Nf3 e6 3. d4 cxd4 4. Nxd4 Nf6 5. Nc3 Nc6 6. Nxc6 bxc6 7. e5 Nd5 8. Ne4 Qc7 9. f4 Qb6 10. c4 Bb4+ 11. Ke2 f5 12. Nd6+ Bxd6 13. cxd5 Bc5 14. dxe6 dxe6 15. Qb3 Bd4 16. Qxb6 axb6 17. g3 Ba6+ 18. Kd2 c5 19. Bxa6 Rxa6 20. Kc2 Kd7 21. Rd1 Kc6 22. Bd2 h5 23. Bc3 Kd5 24. Bxd4 cxd4 25. Kd3 h4 26. a3 hxg3 27. hxg3 Rh3 28. Rg1 Ra5 29. Rac1 Rc5 30. Rcd1 Rh2 31. Rd2 Rxd2+ 32. Kxd2 Ke4 33. Re1+ Kf3 34. Kd3 Kxg3 35. Rf1 Rd5 36. a4 Kg2 37. Rc1 Rd8 38. Rc6 g5 39. fxg5 f4 40. Rxe6 f3 41. Rf6 f2 42. b4 f1=Q+ 43. Rxf1 Kxf1 44. a5 bxa5 45. bxa5 Rd5 46. e6 Rxg5 47. Kxd4 Rxa5 48. e7 Ra8 49. Kd5 Ke2 50. Ke6 Ke3 51. Kf7 Ke4 52. e8=Q+ Rxe8 53. Kxe8 1/2-1/2


[Site "https://www.chess.com"]

[Event "Titled Tuesday Blitz July 13 2021"]
[White "Nozdrachev, Leonid"]
[Black "Quizon, Daniel"]
[WhiteFideId "24113433"]
[BlackFideId "5217911"]
[WhiteElo "2221"]
[BlackElo "2329"]
[Result "0-1"]
[Round "03"]
[TimeControl "180+1"]
[Date "2021.07.13"]
[WhiteClock "0:00:07"]
[BlackClock "0:01:24"]

1. e4 c5 2. c3 d5 3. exd5 Qxd5 4. d4 Nf6 5. Nf3 Nc6 6. Be3 Bg4 7. c4 Qh5 8. d5 Ne5 9. Be2 Nxf3+ 10. Bxf3 Bxf3 11. gxf3 b5 12. cxb5 Nxd5 13. Nc3 Rd8 14. Nxd5 Rxd5 15. Qa4 Qxf3 16. Rg1 Rd7 17. Bxc5 g6 18. Rd1 Rxd1+ 19. Qxd1 Qe4+ 20. Qe2 Qd5 21. Bb4 Qxa2 22. Rg3 Qb1+ 23. Qd1 Qe4+ 24. Kf1 Qxb4 25. Rd3 Qxb5 26. Kg1 f6 27. Rb3 Qg5+ 28. Kh1 Kf7 29. Qd3 Qc1+ 30. Kg2 Qc6+ 31. f3 Bg7 32. Rc3 Qe6 33. Rc7 Rb8 0-1


[Site "https://www.chess.com"]

[Event "Titled Tuesday Blitz July 13 2021"]
[White "Obolentseva, Alexandra"]
[Black "Weetik, Vjacheslav"]
[WhiteFideId "24153648"]
[BlackFideId "4153472"]
[WhiteElo "2113"]
[BlackElo "2469"]
[Result "1-0"]
[Round "03"]
[TimeControl "180+1"]
[Date "2021.07.13"]
[WhiteClock "0:00:57"]
[BlackClock "0:00:01"]

1. d4 d5 2. c4 e6 3. Nc3 c6 4. Nf3 dxc4 5. a4 Bb4 6. e4 Nf6 7. Bxc4 Nxe4 8. O-O Nxc3 9. bxc3 Be7 10. Ne5 Nd7 11. Qg4 O-O 12. Bf4 Nxe5 13. dxe5 Qa5 14. Rae1 Rd8 15. Re3 Qxa4 16. Bh6 g6 17. Rf3 Bf8 18. Qf4 Rd7 19. Bxf8 Kxf8 20. Qh6+ Ke8 21. Bxe6 Re7 22. Bxc8 Rxc8 23. Qxh7 Qc4 24. Rd1 Rd7 25. Rxd7 Kxd7 26. Rxf7+ 1-0


[Site "https://www.chess.com"]

[Event "Titled Tuesday Blitz July 13 2021"]
[White "Odegov, Artem"]
[Black "Kavyev, Ruslan"]
[WhiteFideId "34183644"]
[BlackFideId "34110981"]
[WhiteElo "2288"]
[BlackElo "2172"]
[Result "1-0"]
[Round "03"]
[TimeControl "180+1"]
[Date "2021.07.13"]
[WhiteClock "0:00:37"]
[BlackClock "0:00:32"]

1. d4 Nf6 2. c4 g6 3. Nc3 Bg7 4. e4 d6 5. h3 O-O 6. Be3 c5 7. d5 e6 8. Bd3 a6 9. a4 Re8 10. Nge2 Nbd7 11. O-O e5 12. Qd2 Nh5 13. g4 Nhf6 14. Ng3 Rb8 15. Rae1 Nf8 16. f4 exf4 17. Bxf4 Bxg4 18. hxg4 Nxg4 19. Kg2 h5 20. Be2 Ne5 21. Rg1 Nfd7 22. Bg5 Qa5 23. Kh1 Qb4 24. Bh6 Nxc4 25. Bxc4 Qxc4 26. Bxg7 Kxg7 27. Nf5+ Kg8 28. Qh6 1-0


[Site "https://www.chess.com"]

[Event "Titled Tuesday Blitz July 13 2021"]
[White "Oganisian, Roman"]
[Black "Seo, Jung Min"]
[WhiteFideId "4153006"]
[BlackFideId "1734687"]
[WhiteElo "2204"]
[BlackElo "2486"]
[Result "0-1"]
[Round "03"]
[TimeControl "180+1"]
[Date "2021.07.13"]
[WhiteClock "0:00:08"]
[BlackClock "0:01:37"]

1. e4 e5 2. Nf3 Nc6 3. d4 exd4 4. Nxd4 Nf6 5. Nxc6 bxc6 6. Bd3 d5 7. e5 Nd7 8. O-O Be7 9. f4 O-O 10. Nd2 f5 11. Nf3 g6 12. Be3 Nc5 13. Nd4 Bd7 14. Nb3 Nxb3 15. axb3 c5 16. c4 d4 17. Bd2 Bc6 18. Ra5 Qb8 19. Be2 Qb7 20. Bf3 Be4 21. Ra3 Rfb8 22. g4 fxg4 23. Bxe4 Qxe4 24. Qxg4 Rf8 25. Qe6+ Rf7 26. b4 cxb4 27. Rg3 d3 28. f5 Bc5+ 29. Rf2 Bxf2+ 30. Kxf2 Qxf5+ 0-1


[Site "https://www.chess.com"]

[Event "Titled Tuesday Blitz July 13 2021"]
[White "Oliveira, Silvio Eduardo"]
[Black "Nasyrova, Ekaterina"]
[WhiteFideId "2111560"]
[BlackFideId "44157797"]
[WhiteElo "2302"]
[BlackElo "2115"]
[Result "0-1"]
[Round "03"]
[TimeControl "180+1"]
[Date "2021.07.13"]
[WhiteClock "0:00:56"]
[BlackClock "0:00:06"]

1. e4 e5 2. Nf3 Nc6 3. Bb5 Nf6 4. O-O Nxe4 5. Re1 Nd6 6. Nxe5 Be7 7. Bf1 Nf5 8. Nf3 O-O 9. d4 d5 10. Nc3 Bb4 11. h3 Be6 12. a3 Bxc3 13. bxc3 h6 14. Bf4 Qf6 15. Ne5 Nxe5 16. Bxe5 Qg6 17. Bd3 Rac8 18. g4 Qg5 19. f4 Qh4 20. Qf3 Ng3 21. f5 Ne4 22. fxe6 fxe6 23. Qe3 Ng5 24. Rf1 Nxh3+ 25. Kg2 Qxg4+ 26. Qg3 Qxg3+ 27. Kxg3 Ng5 28. Rxf8+ Kxf8 29. Rb1 b6 30. Bf4 c5 31. Bxg5 hxg5 32. Kg4 Ke7 33. Kxg5 c4 34. Bg6 Rf8 35. Rh1 Rf3 36. Rh7 Rg3+ 37. Kh5 Kf6 38. Kh4 Rxg6 39. Rh8 Rh6+ 40. Rxh6+ gxh6 41. Kh5 Kg7 42. a4 a5 43. Kh4 Kg6 44. Kg4 h5+ 45. Kh4 Kh6 46. Kh3 Kg5 47. Kg3 h4+ 48. Kh3 Kh5 49. Kh2 Kg4 50. Kg2 h3+ 51. Kf2 Kf4 52. Kg1 Ke3 53. Kh2 Kd2 54. Kxh3 Kxc3 55. Kg4 Kxd4 56. Kf4 e5+ 57. Kf5 e4 58. Ke6 e3 59. Kd6 e2 60. Kc6 e1=Q 61. Kxb6 Qb4+ 62. Ka6 Qxa4 63. c3+ Kxc3 64. Ka7 Qb4 0-1


[Site "https://www.chess.com"]

[Event "Titled Tuesday Blitz July 13 2021"]
[White "Orozbaev, Eldiar"]
[Black "Bernadskiy, Vitaliy"]
[WhiteFideId "13802240"]
[BlackFideId "14100371"]
[WhiteElo "1911"]
[BlackElo "2510"]
[Result "1/2-1/2"]
[Round "03"]
[TimeControl "180+1"]
[Date "2021.07.13"]
[WhiteClock "0:01:13"]
[BlackClock "0:01:35"]

1. e4 c5 2. c3 e6 3. d4 d5 4. e5 Bd7 5. Nf3 Qb6 6. Bd3 cxd4 7. cxd4 Bb5 8. O-O Bxd3 9. Qxd3 Nc6 10. Nc3 Nge7 11. Na4 Qd8 12. Be3 Nf5 13. a3 Be7 14. b4 O-O 15. Rfc1 Rc8 16. Nc5 Bxc5 17. Rxc5 a6 18. Rac1 Qd7 19. g4 Nxe3 20. Qxe3 Na7 21. h4 Rc6 22. h5 Rfc8 23. h6 g6 24. Qf4 Qe7 25. Kg2 Nb5 26. a4 Na3 27. Nd2 Qh4 28. Rh1 Qe7 29. Rhc1 Qh4 30. Nf3 Qe7 31. Nd2 1/2-1/2


[Site "https://www.chess.com"]

[Event "Titled Tuesday Blitz July 13 2021"]
[White "Paravyan, David"]
[Black "Sadovsky, Artem"]
[WhiteFideId "4194985"]
[BlackFideId "4155840"]
[WhiteElo "2562"]
[BlackElo "2442"]
[Result "1-0"]
[Round "03"]
[TimeControl "180+1"]
[Date "2021.07.13"]
[WhiteClock "0:01:26"]
[BlackClock "0:00:02"]

1. d4 g6 2. e4 Bg7 3. g3 d5 4. e5 c5 5. c3 Nc6 6. Bg2 h5 7. Nf3 Nh6 8. O-O Bg4 9. Qb3 cxd4 10. Qxb7 Qc8 11. Qxc8+ Rxc8 12. Nxd4 Nxd4 13. cxd4 Nf5 14. Nc3 Nxd4 15. Bxd5 Bf3 16. Be3 Bxd5 17. Nxd5 Bxe5 18. Rfd1 Nc2 19. Rac1 Bxb2 20. Rb1 Nxe3 21. Nxe3 Ba3 22. Rb7 Bc5 23. Nd5 O-O 24. Nxe7+ Bxe7 25. Rxe7 a5 26. Rd5 a4 27. Ra5 h4 28. Rxa4 h3 29. Re1 Rc2 30. Rh4 Rxa2 31. Rxh3 Rb8 32. Rh4 Rb7 33. Rf4 Kg7 34. Kg2 Rab2 35. h4 R2b4 36. Rf3 Rb3 37. Rf4 R3b4 38. Ree4 Rxe4 39. Rxe4 Rb2 40. Kf3 Ra2 41. Rf4 Rb2 42. Kg4 Ra2 43. f3 Rb2 44. Ra4 Rb3 45. Kf4 Rc3 46. g4 Rc5 47. Re4 Ra5 48. Rd4 Rb5 49. Re4 Ra5 50. Re5 Ra4+ 51. Kg3 Ra1 52. Rb5 Ra4 53. Rb7 Rc4 54. Rd7 Rb4 55. Rd5 Ra4 56. Re5 Rb4 57. Kf2 Rb3 58. Rd5 Ra3 59. Rc5 Rb3 60. Ra5 Rc3 61. Rb5 Rd3 62. Kg3 Rc3 63. Kf4 Ra3 64. Rd5 Ra4+ 65. Ke5 Ra3 66. Ke4 Ra4+ 67. Rd4 Ra5 68. Kf4 Rb5 69. Re4 Rc5 70. Rb4 Rd5 71. Ke4 Ra5 72. Rc4 Rb5 73. Kd4 Rb3 74. Ke4 Rb5 75. Rd4 Rc5 76. Rd5 Rc4+ 77. Ke5 Rc3 78. Kf4 Rc4+ 79. Kg3 Rb4 80. h5 Ra4 81. Kh4 Ra1 82. Kg5 gxh5 83. gxh5 Rg1+ 84. Kf5 Kh6 85. Kf6 Rg7 86. Rf5 1-0


[Site "https://www.chess.com"]

[Event "Titled Tuesday Blitz July 13 2021"]
[White "Pert, Richard G"]
[Black "Mikaelyan, Arman"]
[WhiteFideId "404748"]
[BlackFideId "13304852"]
[WhiteElo "2441"]
[BlackElo "2461"]
[Result "1/2-1/2"]
[Round "03"]
[TimeControl "180+1"]
[Date "2021.07.13"]
[WhiteClock "0:00:15"]
[BlackClock "0:00:04"]

1. d4 Nf6 2. Bg5 d5 3. e3 e6 4. Nf3 h6 5. Bh4 g5 6. Bg3 Ne4 7. Nfd2 Nxg3 8. hxg3 Bg7 9. c4 c5 10. Nc3 cxd4 11. exd4 Nc6 12. cxd5 exd5 13. Nb3 O-O 14. Bd3 Re8+ 15. Kf1 Be6 16. Rc1 Qf6 17. Bb1 Nxd4 18. Qd3 Nxb3 19. Qh7+ Kf8 20. axb3 Rac8 21. Re1 Bd7 22. Rd1 d4 23. Ne4 Qf5 24. Rxh6 Qxh7 25. Rxh7 Bf5 26. Rxg7 Kxg7 27. Nd6 Bxb1 28. Nxe8+ Rxe8 29. Rxb1 Kf6 30. Rd1 Rd8 31. Ke2 Rd6 32. Kd3 Rb6 33. Kc4 Rc6+ 34. Kd3 Ke5 35. Re1+ Kd6 36. Re4 Rc1 37. Rxd4+ Ke6 38. Re4+ Kd6 39. Rd4+ Ke6 40. Re4+ Kd6 41. Rd4+ 1/2-1/2


[Site "https://www.chess.com"]

[Event "Titled Tuesday Blitz July 13 2021"]
[White "Petukhov, Dmitry"]
[Black "Gupta, Abhijeet"]
[WhiteFideId "4142748"]
[BlackFideId "5010608"]
[WhiteElo "2356"]
[BlackElo "2549"]
[Result "1-0"]
[Round "03"]
[TimeControl "180+1"]
[Date "2021.07.13"]
[WhiteClock "0:00:12"]
[BlackClock "0:00:11"]

1. e4 e6 2. d4 d5 3. e5 c5 4. c3 Nc6 5. Nf3 Qb6 6. a3 Nge7 7. b4 cxd4 8. cxd4 Nf5 9. Be3 Bd7 10. Bd3 Be7 11. Nc3 Rc8 12. Bxf5 exf5 13. Nxd5 Qb5 14. Nxe7 Nxe7 15. Qe2 Nd5 16. Bd2 Qxe2+ 17. Kxe2 Bb5+ 18. Kd1 Kd7 19. Rc1 Bd3 20. Re1 Rxc1+ 21. Kxc1 Rc8+ 22. Kb2 Nb6 23. e6+ Kd6 24. Ne5 Rc2+ 25. Kb3 fxe6 26. Bf4 Be4 27. f3 Nd5 28. fxe4 Rc3+ 29. Kb2 fxe4 30. Rxe4 Ke7 31. Bg5+ Kd6 32. Nf7+ Kd7 33. Ne5+ Kd6 34. Nf3 Rd3 35. Bf4+ Ke7 36. Ng5 Nxf4 37. Rxf4 Rd2+ 38. Kc3 Rxg2 39. Nf3 g5 40. Re4 Kf6 41. Ne5 h5 42. h4 g4 43. Kc4 Rc2+ 44. Kb3 Rf2 45. Nd7+ Kf7 46. Nc5 g3 47. Re3 g2 48. Rg3 Ke7 49. Kc4 b6 50. Ne4 Re2 51. Nc3 a6 52. Nxe2 Kf6 53. Rxg2 Kf5 54. Rf2+ Ke4 55. Ng3+ Ke3 56. Rf6 1-0


[Site "https://www.chess.com"]